 Dungeon Crawl Stone Soup version 0.29.1 (webtiles) character file.

Game seed: 13068274796083620657

8642 Artool the Fighter (level 11, -7/80 HPs)
             Began as a Demonspawn Gladiator on Sept 14, 2022.
             Was an Elder of Hepliaklqana.
             Mangled by a two-headed ogre
             ... wielding a +0 giant club
              (23 damage)
             ... on level 10 of the Dungeon.
             The game lasted 01:00:51 (13361 turns).

Artool the Fighter (Demonspawn Gladiator)          Turns: 13361, Time: 01:00:52

Health: -7/80      AC: 12    Str: 22    XL:     11   Next: 12%
Magic:  12/12      EV: 19    Int:  9    God:    Hepliaklqana [****..]
Gold:   264        SH:  0    Dex: 18    Spells: 10/10 levels left

rFire   . . .      SeeInvis .   J - +3 whip (flame)
rCold   . . .      Faith    .   (no shield)
rNeg    . . .      Spirit   .   K - +0 scale mail
rPois   .          Reflect  .   c - +0 helmet
rElec   .          Harm     .   I - +0 cloak {Will+}
rCorr   .          Rampage  .   (no gloves)
Will    +....                   (no boots)
Stlth   ..........              (no amulet)
HPRegen 0.23/turn               i - +6 ring of strength
MPRegen 0.13/turn               p - +4 ring of slaying

@: agile
A: reduced essence, claws 1, foul stench 3, powered by pain 1, sharp scales 2
a: Renounce Religion, Recall Ancestor, Ancestor Identity, Transference, Idealise


You were on level 10 of the Dungeon.
You worshipped Hepliaklqana.
Hepliaklqana was greatly pleased with you.
You visited 2 branches of the dungeon, and saw 11 of its levels.
You also visited: Sewer and Bailey.

You collected 774 gold pieces.
You spent 510 gold pieces at shops.

Inventory:

Hand Weapons
 t - a +1 whip of electrocution
 J - a +3 whip of flaming (weapon)
Missiles
 d - 6 throwing nets
 e - a javelin
 u - 2 silver boomerangs
 U - 3 boomerangs of dispersal
 V - 2 boomerangs (quivered)
Armour
 c - a +0 helmet (worn)
 I - a +0 cloak of willpower (worn)
 K - a +0 scale mail (worn)
 M - +0 steam dragon scales
 Y - a +2 plate armour of poison resistance
Jewellery
 i - a +6 ring of strength (left claw)
 l - a ring of positive energy
 p - a +4 ring of slaying (right claw)
 Q - a +6 ring of dexterity
 W - a +4 ring of slaying
 Z - a +6 ring of strength
Wands
 y - a wand of digging (6)
 N - a wand of iceblast (11)
 R - a wand of mindburst (19)
 X - a wand of flame (2)
Scrolls
 a - 3 scrolls of fear {unknown}
 g - 10 scrolls of identify
 h - a scroll of brand weapon {unknown}
 j - 7 scrolls of enchant weapon {unknown}
 m - 6 scrolls of magic mapping
 o - 2 scrolls of torment {unknown}
 q - 11 scrolls of teleportation
 r - 2 scrolls of enchant armour {unknown}
 w - a scroll of silence {unknown}
 x - 6 scrolls of immolation
 E - 3 scrolls of vulnerability {unknown}
 G - 3 scrolls of amnesia
 O - 2 scrolls of noise
 P - 2 scrolls of fog {unknown}
 S - a scroll of poison
 T - 2 scrolls of blinking
Potions
 f - 8 potions of heal wounds
 k - 3 potions of resistance
 n - 3 potions of invisibility {unknown}
 s - 4 potions of mutation
 v - 6 potions of curing {unknown}
 z - 5 potions of brilliance {unknown}
 A - 2 potions of attraction {unknown}
 B - 2 potions of berserk rage {unknown}
 C - 2 potions of magic {unknown}
 D - a potion of degeneration {unknown}
 F - 2 potions of flight {unknown}
 H - a potion of lignification
 L - 2 potions of might
Miscellaneous
 b - a tin of tremorstones (2/2)


   Skills:
 - Level 9.0 Fighting
 + Level 8.7 Maces & Flails
 - Level 2.0 Throwing
 - Level 8.0 Armour
 - Level 8.0 Dodging
 + Level 1.4 Invocations


You had 10 spell levels left.
You didn't know any spells.
Your spell library contained the following spells:

 Spells                   Type           Power      Damage    Failure   Level
 Magic Dart               Conj           0%         1d3       67%         1
 Sandblast                Erth           0%         2d4       67%         1
 Summon Small Mammal      Summ           0%         N/A       67%         1
 Call Imp                 Summ           0%         N/A       80%         2
 Passwall                 Tmut/Erth      0%         N/A       80%         2
 Poisonous Vapours        Pois/Air       0%         N/A       80%         2
 Call Canine Familiar     Summ           0%         N/A       95%         3
 Mephitic Cloud           Conj/Pois/Air  0%         N/A       95%         3
 Stone Arrow              Conj/Erth      0%         3d7       95%         3
 Summon Guardian Golem    Hex/Summ       0%         N/A       95%         3
 Cause Fear               Hex            0%         N/A       100%        4
 Corpse Rot               Necr/Pois/Air  0%         N/A       100%        4
 Hailstorm                Conj/Ice       0%         3d3       100%        4
 Ice Form                 Ice/Tmut       0%         N/A       100%        4
 Simulacrum               Ice/Necr       0%         N/A       100%        6
 Dragon Form              Tmut           0%         N/A       100%        7
 Dragon's Call            Summ           0%         N/A       100%        9


Dungeon Overview and Level Annotations

Branches:
Dungeon (10/15)            Temple (1/1) D:5           Sewer (visited)
 Bailey (visited)
   Lair: D:8-11         Orc: D:9-12

Altars:
Ashenzari
Cheibriados
Dithmenos
Fedhas
Gozag
Hepliaklqana
Kikubaaqudgha
Makhleb
Nemelex Xobeh
Okawaru
Qazlal
Ru
Sif Muna
Trog
Uskayaw
Vehumet
Wu Jian
Xom
Yredelemnul

Shops:
D:4 :   D:7 [   D:8 *:*?

Annotations:
D:8 3 runed translucent doors


Innate Abilities, Weirdness & Mutations

Your life essence is reduced to manifest your ancestor. (-10% HP)
You have sharp fingernails.
You frequently emit foul miasma when damaged in melee.
You sometimes gain a little power by taking damage.
You are mostly covered in razor-sharp scales. (AC +2, Slay +2)


Message History

You open the door. You hit the two-headed ogre. You burn the two-headed ogre.
The two-headed ogre is lightly wounded.
You hit the two-headed ogre. You burn the two-headed ogre.
The two-headed ogre is moderately wounded.
You hit the two-headed ogre but do no damage.
The two-headed ogre is moderately wounded.
The two-headed ogre barely misses you. The two-headed ogre misses you.
The two-headed ogre attacks as you move away!
The two-headed ogre completely misses you.
The two-headed ogre hits you with a +0 giant spiked club!
You whack the two-headed ogre! You burn the two-headed ogre.
The two-headed ogre is lightly wounded.
The two-headed ogre barely misses you.
The two-headed ogre completely misses you.
You hit the two-headed ogre. You burn the two-headed ogre.
The two-headed ogre is moderately wounded.
You whack the two-headed ogre! You burn the two-headed ogre.
The two-headed ogre is heavily wounded.
The two-headed ogre hits you with a +0 giant club!
The two-headed ogre misses you.
The two-headed ogre hits you with a +0 giant spiked club!
The two-headed ogre barely misses you.
You whack the two-headed ogre! You burn the two-headed ogre.
The two-headed ogre is heavily wounded.
You hit the two-headed ogre. You burn the two-headed ogre.
The two-headed ogre is severely wounded.
The two-headed ogre closely misses you.
The two-headed ogre hits you but does no damage.
You whack the two-headed ogre! You burn the two-headed ogre.
The two-headed ogre is almost dead.
The two-headed ogre hits you with a +0 giant spiked club!!
The two-headed ogre hits you with a +0 giant spiked club!
* * * LOW HITPOINT WARNING * * *
You focus on the pain.
You feel agile all of a sudden.
You emit a cloud of foul miasma!
The two-headed ogre attacks as you move away!
The two-headed ogre hits you with a +0 giant club!!
You die...

...............................#.
......###......................#.
......#.#.........###'######...#.
......#.########..#........#...#.
####'##........#..#........#..##.
...>...........#..#.......##..#..
...............#..#.......#...#..
...............#OO#.......#...#..
...............#@.##......#...#..
...[..........##...#......#...#..
##'#########..#....#......#..##..
...........#..#....#......#..#...
...........#'##....#......#..'...
...................#......#..#...
........#####......########..#+##
###.....# #...........<........
#.....# #....................


You could see 2 two-headed ogres.

Vanquished Creatures
  A boulder beetle (D:9)
  A deep elf zephyrmancer (Bailey)
  An orc knight (Bailey)
  An ugly thing (D:9)
  A manticore (D:9)
  A wyvern (D:10)
  Eustachio (D:6)
  A yak (D:9)
  A steam dragon (D:7)
  A water moccasin (D:5)
  5 ice beasts
  Duvessa (D:5)
  5 orc warriors
  A sky beast (D:6)
  A black bear (D:3)
  6 centaurs
  A kobold brigand (D:10)
  4 bullfrogs (D:6)
  A necrophage (D:5)
  2 scorpions
  14 wights
  12 killer bees
  Dowan (D:5)
  A howler monkey (D:9)
  A quasit (D:7)
  5 hounds
  Crazy Yiuf (D:5)
  2 gnoll boudas
  3 orc priests
  3 iguanas
  8 orc wizards
  11 adders
  14 gnolls
  4 river rats (Sewer)
  3 shadow imps
  2 white imps (D:7)
  2 ufetubi
  2 worms
  2 dart slugs
  24 orcs
  12 ball pythons
  5 bats
  9 endoplasms
  3 giant cockroaches (D:4)
  7 goblins
  6 hobgoblins
  2 jackals (D:2)
  5 kobolds
  5 quokkas
  11 frilled lizards
  9 rats
226 creatures vanquished.

Vanquished Creatures (collateral kills)
  Joseph (D:8)
  A troll (D:9)
  A wyvern (D:7)
  2 orc warriors
  2 wights
  A killer bee (D:9)
  2 howler monkeys
  2 orc priests
  2 shadow imps (D:7)
  4 orcs
  3 goblins (D:10)
  2 kobolds (D:10)
23 creatures vanquished.

Vanquished Creatures (others)
  3 hexers
  2 ancestors (D:7)
  An orc (D:8)
  3 demonic plants (D:7)
9 creatures vanquished.

Grand Total: 258 creatures vanquished

Notes
Turn   | Place    | Note
-------+----------+-------------------------------------------
     0 | D:1      | Artool the Demonspawn Gladiator began the quest for the
                  | Orb.
     0 | D:1      | Reached XP level 1. HP: 16/16 MP: 1/1
   187 | D:1      | Gained mutation: You are partially covered in razor-sharp
                  | scales. (AC +1, Slay +1) [demonic ancestry]
   187 | D:1      | Reached XP level 2. HP: 10/22 MP: 2/2
  1012 | D:1      | Found a faded altar of an unknown god.
  1328 | D:2      | Reached XP level 3. HP: 28/28 MP: 3/3
  1351 | D:2      | Reached skill level 1 in Armour
  2298 | D:2      | Gained mutation: You are mostly covered in razor-sharp
                  | scales. (AC +2, Slay +2) [demonic ancestry]
  2298 | D:2      | Reached XP level 4. HP: 34/34 MP: 4/4
  3111 | D:3      | Reached skill level 3 in Fighting
  3132 | D:3      | Reached XP level 5. HP: 32/41 MP: 5/5
  3692 | D:4      | Noticed a black bear
  3697 | D:3      | Killed a black bear
  3713 | D:4      | Found a glowing drain.
  3722 | D:4      | Gained mutation: You may rarely emit foul miasma when
                  | damaged in melee. [demonic ancestry]
  3722 | D:4      | Reached XP level 6. HP: 38/47 MP: 6/6
  3733 | Sewer    | Entered a sewer
  4453 | D:4      | Reached skill level 4 in Fighting
  4485 | D:4      | Found Xeonet's Book Shoppe.
  4775 | D:4      | Gained mutation: You have sharp fingernails. [demonic
                  | ancestry]
  4775 | D:4      | Reached XP level 7. HP: 37/54 MP: 7/7
  5007 | D:4      | Found a shimmering altar of Xom.
  5233 | D:5      | Entered Level 5 of the Dungeon
  5278 | D:5      | Found a staircase to the Ecumenical Temple.
  5293 | Temple   | Entered the Ecumenical Temple
  5293 | Temple   | Found a transporter.
  5293 | Temple   | Found a transporter.
  5295 | Temple   | Found a transporter.
  5295 | Temple   | Found a transporter.
  5310 | Temple   | Became a worshipper of Hepliaklqana the Forgotten
  5443 | D:5      | Found a runed translucent door.
  5444 | D:5      | Noticed Crazy Yiuf
  5654 | D:5      | Noticed Duvessa
  5654 | D:5      | Noticed Dowan
  5662 | D:5      | Killed Duvessa
  5667 | D:5      | Killed Dowan
  5668 | D:5      | Reached skill level 5 in Dodging
  5921 | D:5      | Reached skill level 5 in Fighting
  5921 | D:5      | Reached skill level 5 in Maces & Flails
  5921 | D:5      | Gained mutation: You sometimes emit foul miasma when
                  | damaged in melee. [demonic ancestry]
  5921 | D:5      | Reached XP level 8. HP: 62/62 MP: 8/8
  6005 | D:5      | Killed Crazy Yiuf
  6411 | D:6      | Noticed Eustachio
  6420 | D:6      | Killed Eustachio
  6726 | D:6      | Reached skill level 6 in Fighting
  6726 | D:6      | Reached skill level 5 in Armour
  6790 | D:6      | Reached * piety under Hepliaklqana
  6864 | D:6      | Found a shadowy altar of Dithmenos.
  6960 | D:6      | Found an iron altar of Okawaru.
  6972 | D:6      | Found a snail-covered altar of Cheibriados.
  7184 | D:6      | Gained mutation: You frequently emit foul miasma when
                  | damaged in melee. [demonic ancestry]
  7184 | D:6      | Reached XP level 9. HP: 62/62 MP: 9/9
  7667 | D:7      | Found Gyozuod's Armour Shop.
  8488 | D:7      | Reached skill level 7 in Fighting
  8747 | D:8      | Found Puxketug's General Store.
  8892 | D:8      | Bought a scroll of teleportation for 36 gold pieces
  8892 | D:8      | Bought a potion of heal wounds for 60 gold pieces
  8978 | D:8      | Reached ** piety under Hepliaklqana
  8980 | D:8      | Remembered your ancestor Zosia as a hexer
  9079 | D:8      | Found an opulent altar of Gozag.
  9110 | D:8      | Found an ancient bone altar of Kikubaaqudgha.
  9251 | D:8      | Found a runed translucent gate.
  9251 | D:8      | Found a runed translucent gate.
  9252 | D:8      | Found a runed translucent gate.
  9254 | D:8      | Noticed a purple ugly thing
  9254 | D:8      | Noticed a red ugly thing
  9254 | D:8      | Noticed a red ugly thing
  9255 | D:8      | Noticed a white ugly thing
  9274 | D:8      | Noticed Joseph
  9286 | D:8      | Killed Joseph
  9287 | D:8      | Reached XP level 10. HP: 52/71 MP: 10/10
  9450 | D:8      | Found Achemn's Book Shop.
  9460 | D:8      | Found Jiuwysun's Assorted Antiques.
  9521 | D:8      | Bought a scroll labelled IHAWEI XYRUA for 23 gold pieces
  9521 | D:8      | Bought a fuming white potion for 20 gold pieces
  9521 | D:8      | Bought an emerald potion for 20 gold pieces
 10039 | D:8      | Found Sesywuava's Magic Scroll Boutique.
 10044 | D:8      | Bought a scroll of identify for 22 gold pieces
 10044 | D:8      | Bought a scroll of identify for 22 gold pieces
 10044 | D:8      | Bought a scroll of magic mapping for 82 gold pieces
 10044 | D:8      | Bought a scroll of noise for 11 gold pieces
 10044 | D:8      | Bought a scroll of immolation for 44 gold pieces
 10044 | D:8      | Bought a scroll of poison for 44 gold pieces
 10044 | D:8      | Bought a scroll of amnesia for 44 gold pieces
 10044 | D:8      | Bought a scroll of blinking for 82 gold pieces
 10373 | D:9      | Noticed a red ugly thing
 10385 | D:9      | Killed a red ugly thing
 10726 | D:9      | Reached *** piety under Hepliaklqana
 10732 | D:9      | Found a sparkling altar of Nemelex Xobeh.
 10854 | D:9      | Reached skill level 8 in Fighting
 10854 | D:9      | Noticed a boulder beetle
 10868 | D:9      | Killed a boulder beetle
 11500 | D:9      | Noticed a manticore
 11511 | D:9      | Killed a manticore
 11762 | D:10     | Entered Level 10 of the Dungeon
 11840 | D:10     | Found a flagged portal.
 11846 | Bailey   | Entered a bailey
 11986 | Bailey   | Found a large runed translucent door.
 11986 | Bailey   | Found a large runed translucent door.
 12014 | Bailey   | Noticed a deep elf zephyrmancer
 12029 | Bailey   | Noticed an orc knight
 12062 | Bailey   | Killed an orc knight
 12107 | Bailey   | Gained mutation: You sometimes gain a little power by
                  | taking damage. [demonic ancestry]
 12107 | Bailey   | Reached XP level 11. HP: 18/78 MP: 11/11
 12464 | Bailey   | Killed a deep elf zephyrmancer
 12465 | Bailey   | Reached skill level 9 in Fighting
 12701 | D:10     | Found a broken altar of Ashenzari.
 12895 | D:10     | Reached skill level 1 in Invocations
 13058 | D:10     | Found a stormy altar of Qazlal.
 13200 | D:10     | Reached **** piety under Hepliaklqana
 13250 | D:10     | Noticed a two-headed ogre
 13269 | D:10     | Noticed a two-headed ogre
 13361 | D:10     | Mangled by a two-headed ogre

Illustrated notes

Levels and vault maps discovered:
D:1:      roderic_chinese_lattice_arrival, layout_basic,
          shapermc_ecumenical_altar_venn, minmay_shallow_snake_nest
D:2:      layout_basic
D:3:      layout_basic
D:4:      layout_loops_ring, kennysheep_mini, portal_sewer_entry_f,
          serial_shops, shop
D:5:      layout_loops_ring, minmay_temple_entry_stoned_glass, uniq_duvessa,
          uniq_crazy_yiuf_cottage
D:6:      layout_loops_ring, amethyst_overflow_temple_binary,
          mainiacjoe_overflow_24_doors, skrybe_limestone_x,
          grunt_decor_mini_mirrors, uniq_eustachio
D:7:      layout_gridville, serial_shops, shop, serial_demonic,
          serial_demonic_f, serial_demonic_f, serial_demonic_b,
          serial_demonic_e, dk_noncrumbling_3
D:8:      layout_layer_cave, mainiacjoe_overflow_catch_the_wave, serial_shops,
          nicolae_shop_overgrown_old_shop, shop, nicolae_take_the_stairs,
          nicolae_diamond_shop, ploomutoo_gammafunk_ghost_potion_laboratory,
          uniq_joseph
D:9:      layout_loops_ring, nemelex_diamond_rough_becter, minmay_bent
D:10:     layout_irregular_city, lemuel_crystal_altar,
          mainiacjoe_overflow_boulevard, enter_bailey_3
Temple:   hellmonk_temple_divided_pantheon

Skill      XL: |  1  2  3  4  5  6  7  8  9 10 11 |
---------------+----------------------------------+-----
Throwing       | 2 |  2.0
Maces & Flails | 3 4 5 6 7 8 |  8.7
Dodging        | 3 4 5 6 7 8 |  8.0
Armour         | 1 2 3 4 5 6 7 8 |  8.0
Fighting       | 3 4 5 6 7 8 9 |  9.0
Invocations    | 1 |  1.4

Action                   |  1- 3 |  4- 6 |  7- 9 | 10-12 || total
-------------------------+-------+-------+-------+-------++-------
Melee: Flail             |   103 |    18 |       |       ||   121
       Whip              |       |   159 |   240 |   175 ||   574
       Punch             |       |     2 |     5 |     1 ||     8
Throw: Boomerang         |       |       |       |    10 ||    10
       Javelin           |       |       |       |     1 ||     1
Invok: Ancestor Identity |       |       |     1 |       ||     1
       Recall Ancestor   |       |       |     2 |       ||     2
       Ancestor Life: He |       |       |     1 |       ||     1
  Use: Scroll            |       |       |       |     6 ||     6
       Potion            |       |       |       |     2 ||     2
 Stab: Sleeping          |     2 |       |       |       ||     2
       Distracted        |       |     1 |       |     4 ||     5
       Confused          |       |       |       |     6 ||     6
Armor: Leather armour    |    36 |    15 |       |       ||    51
       Chain mail        |       |    82 |    68 |       ||   150
       Scale mail        |       |       |    42 |    43 ||    85
Dodge: Dodged            |    81 |   115 |   134 |   111 ||   441
